 Dungeon Crawl Stone Soup version 0.18.1-6-gd335043 (webtiles) character file.

56 kae the Shooter (level 3, -4/24 HPs)
             Began as a High Elf Hunter on May 19, 2016.
             Slain by Crazy Yiuf
             ... wielding a +3 quarterstaff of chaos
              (16 damage)
             ... on level 2 of the Dungeon.
             The game lasted 00:01:56 (2110 turns).

kae the Shooter (High Elf Hunter)                   Turns: 2110, Time: 00:01:57

Health: -4/24      AC:  3    Str: 11    XL:     3   Next: 69%
Magic:  4/4        EV: 12    Int: 17    God:
Gold:   64         SH:  0    Dex: 16    Spells: 0 memorised, 2 levels left

rFire  . . .     SeeInvis +     a - +1 shortbow
rCold  . . .     Gourm    .     c - +0 leather armour
rNeg   . . .     Faith    .     (shield currently unavailable)
rPois  .         Spirit   .     (no helmet)
rElec  .         Dismiss  .     (no cloak)
rCorr  .         Reflect  .     (no gloves)
SustAt .         Harm     .     (no boots)
MR     .....                    e - amulet of magic regeneration
Stlth  ++........               o - ring of see invisible
                                h - +2 ring of intelligence

@: not resistant to hostile enchantments, unstealthy
A: no striking features
a: no special abilities


You were on level 2 of the Dungeon.
You were hungry.

You visited 1 branch of the dungeon, and saw 2 of its levels.

You collected 64 gold pieces.

Inventory:

Hand Weapons
 a - a +1 shortbow (weapon)
 b - a +0 short sword
Missiles
 d - 5 arrows (quivered)
Armour
 c - a +0 leather armour (worn)
Jewellery
 e - an amulet of magic regeneration (around neck)
 h - a +2 ring of intelligence (left hand)
 o - a ring of see invisible (right hand)
Scrolls
 i - a scroll of blinking {unknown}
 n - 3 scrolls of immolation
 q - a scroll of remove curse
 r - 2 scrolls of identify
 t - a scroll of enchant armour {unknown}
Potions
 g - a potion of curing {unknown}
 k - a potion of resistance
 l - a potion of invisibility {unknown}
 m - a potion of lignification {unknown}
 p - a potion of brilliance {unknown}
 s - a potion of heal wounds {unknown}
Books
 j - a book of Minor Magic

   Spells                             Type                      Level
   a - Magic Dart                     Conjuration                  1
   b - Blink                          Translocation                2
   c - Call Imp                       Summoning                    2
   d - Repel Missiles                 Charms/Air                   2
   e - Slow                           Hexes                        2
   f - Conjure Flame                  Conjuration/Fire             3
   g - Mephitic Cloud                 Conjuration/Poison/Air       3
Comestibles
 f - 2 bread rations


   Skills:
 - Level 2.0 Fighting
 + Level 7.2 Bows
 - Level 2.1 Dodging
 - Level 1.1 Stealth


You had 2 spell levels left.
You didn't know any spells.

Dungeon Overview and Level Annotations

Branches:
Dungeon (2/15)

Altars:
Cheibriados

Annotations:
D:2 Crazy Yiuf


Message History

You shoot an arrow. The arrow hits Crazy Yiuf!
Crazy Yiuf is severely wounded.
Firing (i - inventory):
d - 8 arrows (quivered)
Press: ? - help, Shift-Dir - straight line, f/p - Crazy Yiuf
Aim: Crazy Yiuf, wielding a quarterstaff of chaos and wearing a cloak (severely wounded)
You shoot an arrow. The arrow hits Crazy Yiuf.
Crazy Yiuf is almost dead.
Firing (i - inventory):
d - 7 arrows (quivered)
Press: ? - help, Shift-Dir - straight line, f/p - Crazy Yiuf
Aim: Crazy Yiuf, wielding a quarterstaff of chaos and wearing a cloak (almost dead)
You shoot an arrow. The arrow closely misses Crazy Yiuf.
Firing (i - inventory):
d - 6 arrows (quivered)
Press: ? - help, Shift-Dir - straight line, f/p - Crazy Yiuf
Aim: Crazy Yiuf, wielding a quarterstaff of chaos and wearing a cloak (almost dead)
You shoot an arrow. The arrow closely misses Crazy Yiuf.
Crazy Yiuf hits you with a quarterstaff of chaos!
Ouch! That really hurt!
You are electrocuted!
Ouch! That really hurt!
You die...

######
###########....###
..........'....'.#
#.##...###....#.#
##..#####+##.#
#..@.# #.##.#
♣..g.♣ #.##.#
##### ♣♣...♣
#.##.# #...# ♣♣(♣♣
#.##(# #...# ♣♣(♣
##.##.# #...# ♣.♣♣
#.....#
#######...# ♣.♣
#..####
.........## .♣♣
#..# ########.##
#g #..#


You could see Crazy Yiuf.

Vanquished Creatures
  An adder (D:2)
  2 worms (D:2)
  2 dart slugs (D:1)
  A giant gecko (D:1)
  2 goblins (D:1)
  6 hobgoblins (D:1)
  3 jackals (D:1)
  5 kobolds
  2 ball pythons (D:2)
  7 bats (D:1)
  2 giant newts
  A rat (D:1)
34 creatures vanquished.

Notes
Turn   | Place    | Note
--------------------------------------------------------------
     0 | D:1      | kae the High Elf Hunter began the quest for the Orb.
     0 | D:1      | Reached XP level 1. HP: 14/14 MP: 2/2
   372 | D:1      | Reached XP level 2. HP: 10/19 MP: 3/3
   377 | D:1      | Reached skill level 6 in Bows
  1288 | D:1      | Reached XP level 3. HP: 12/24 MP: 4/4
  1602 | D:2      | Found a snail-covered altar of Cheibriados.
  1810 | D:2      | Reached skill level 7 in Bows
  2098 | D:2      | Noticed Crazy Yiuf
  2110 | D:2      | Slain by Crazy Yiuf

Skill      XL: |  1  2  3 |
---------------+----------+-----
Bows           | 6 7 |  7.2
Fighting       | |  2.0
Dodging        | |  2.1
Stealth        | |  1.1

Action                   || total
-------------------------++-------
Melee: Short sword       ||   107
 Fire: Shortbow          ||    51
  Use: Scroll            ||     4
 Stab: Sleeping          ||     3
  Eat: Chunk             ||     3
Armor: Leather armour    ||    35
Dodge: Dodged            ||    98
